Workbook

Sheet Sheet1
A1: Company Name | B1: RoE | H1: RoCE | N1: RoIC | T1: RoIIC
B2: 2015 | C2: 2016 | D2: 2017 | E2: 2018 | F2: 2019 | H2: 2015 | I2: 2016 | J2: 2017 | K2: 2018 | L2: 2019 | N2: 2015 | O2: 2016 | P2: 2017 | Q2: 2018 | R2: 2019 | T2: 2015 | U2: 2016 | V2: 2017 | W2: 2018 | X2: 2019
A3: ACC Ltd. | B3: ='DATA SHEET'!B38 -> 0.068324353 | C3: ='DATA SHEET'!C38 -> 0.074682885 | D3: ='DATA SHEET'!D38 -> 0.09878584 | E3: ='DATA SHEET'!E38 -> 0.14434078 | F3: ='DATA SHEET'!F38 -> 0.11929924 | H3: ='DATA SHEET'!B39 -> 0.065009985 | I3: ='DATA SHEET'!C39 -> 0.079989153 | J3: ='DATA SHEET'!D39 -> 0.10999538 | K3: ='DATA SHEET'!E39 -> 0.10571644 | L3: ='DATA SHEET'!F39 -> 0.12294004 | N3: ='DATA SHEET'!B40 -> 0.077786646 | O3: ='DATA SHEET'!C40 -> 0.078238029 | P3: ='DATA SHEET'!D40 -> 0.12727288 | Q3: ='DATA SHEET'!E40 -> 0.13556638 | R3: ='DATA SHEET'!F40 -> 0.16866688 | T3: ='DATA SHEET'!B41 -> NA | U3: ='DATA SHEET'!C41 -> 0.079715237 | V3: ='DATA SHEET'!D41 -> -0.61887693 | W3: ='DATA SHEET'!E41 -> 0.59217425 | X3: ='DATA SHEET'!F41 -> -0.6091091
A4: Ambuja Cement | B4: ='DATA SHEET'!H38 -> 0.034135937 | C4: ='DATA SHEET'!I38 -> 0.059280746 | D4: ='DATA SHEET'!J38 -> 0.076933057 | E4: ='DATA SHEET'!K38 -> 0.10769964 | F4: ='DATA SHEET'!L38 -> 0.093348427 | H4: ='DATA SHEET'!H39 -> 0.038157575 | I4: ='DATA SHEET'!I39 -> 0.059715713 | J4: ='DATA SHEET'!J39 -> 0.084977729 | K4: ='DATA SHEET'!K39 -> 0.075887354 | L4: ='DATA SHEET'!L39 -> 0.091273466 | N4: ='DATA SHEET'!H40 -> 0.03132323 | O4: ='DATA SHEET'!I40 -> 0.051171218 | P4: ='DATA SHEET'!J40 -> 0.090496822 | Q4: ='DATA SHEET'!K40 -> 0.085520458 | R4: ='DATA SHEET'!L40 -> 0.10958183 | T4: ='DATA SHEET'!H41 -> NA | U4: ='DATA SHEET'!I41 -> 0.33108066 | V4: ='DATA SHEET'!J41 -> -0.81511546 | W4: ='DATA SHEET'!K41 -> -0.18110962 | X4: ='DATA SHEET'!L41 -> -1.7387896
A5: Birla Corporation | B5: ='DATA SHEET'!N38 -> 0.061765297 | C5: ='DATA SHEET'!O38 -> 0.057337317 | D5: ='DATA SHEET'!P38 -> 0.066784125 | E5: ='DATA SHEET'!Q38 -> 0.035970887 | F5: ='DATA SHEET'!R38 -> 0.056882138 | H5: ='DATA SHEET'!N39 -> 0.060725445 | I5: ='DATA SHEET'!O39 -> 0.067121742 | J5: ='DATA SHEET'!P39 -> 0.063464919 | K5: ='DATA SHEET'!Q39 -> 0.046079289 | L5: ='DATA SHEET'!R39 -> 0.059067847 | N5: ='DATA SHEET'!N40 -> 0.049728165 | O5: ='DATA SHEET'!O40 -> 0.042811594 | P5: ='DATA SHEET'!P40 -> 0.051373709 | Q5: ='DATA SHEET'!Q40 -> 0.043804198 | R5: ='DATA SHEET'!R40 -> 0.058844339 | T5: ='DATA SHEET'!N41 -> NA | U5: ='DATA SHEET'!O41 -> -0.08611676 | V5: ='DATA SHEET'!P41 -> 0.056431813 | W5: ='DATA SHEET'!Q41 -> -0.0068020064 | X5: ='DATA SHEET'!R41 -> -3.726691
A6: India Cements Ltd. | B6: ='DATA SHEET'!T38 -> -0.00023780638 | C6: ='DATA SHEET'!U38 -> 0.022908176 | D6: ='DATA SHEET'!V38 -> 0.030235218 | E6: ='DATA SHEET'!W38 -> 0.013277328 | F6: ='DATA SHEET'!X38 -> 0.0047659928 | H6: ='DATA SHEET'!T39 -> -0.063219291 | I6: ='DATA SHEET'!U39 -> 0.044086045 | J6: ='DATA SHEET'!V39 -> 0.059493038 | K6: ='DATA SHEET'!W39 -> 0.038890017 | L6: ='DATA SHEET'!X39 -> 0.013002971 | N6: ='DATA SHEET'!T40 -> -0.072323763 | O6: ='DATA SHEET'!U40 -> 0.04722803 | P6: ='DATA SHEET'!V40 -> 0.065937638 | Q6: ='DATA SHEET'!W40 -> 0.043543657 | R6: ='DATA SHEET'!X40 -> 0.014198073 | T6: ='DATA SHEET'!T41 -> NA | U6: ='DATA SHEET'!U41 -> 2.4194588 | V6: ='DATA SHEET'!V41 -> -0.35790349 | W6: ='DATA SHEET'!W41 -> -7.0000219 | X6: ='DATA SHEET'!X41 -> -4.9430055
A7: J K Cements | B7: ='DATA SHEET'!Z38 -> 0.088987966 | C7: ='DATA SHEET'!AA38 -> 0.03433807 | D7: ='DATA SHEET'!AB38 -> 0.10028752 | E7: ='DATA SHEET'!AC38 -> 0.14460772 | F7: ='DATA SHEET'!AD38 -> 0.097822981 | H7: ='DATA SHEET'!Z39 -> 0.059557218 | I7: ='DATA SHEET'!AA39 -> 0.054541004 | J7: ='DATA SHEET'!AB39 -> 0.086937814 | K7: ='DATA SHEET'!AC39 -> 0.1013193 | L7: ='DATA SHEET'!AD39 -> 0.088032501 | N7: ='DATA SHEET'!Z40 -> 0.055836508 | O7: ='DATA SHEET'!AA40 -> 0.051130336 | P7: ='DATA SHEET'!AB40 -> 0.07560033 | Q7: ='DATA SHEET'!AC40 -> 0.088925725 | R7: ='DATA SHEET'!AD40 -> 0.094565587 | T7: ='DATA SHEET'!Z41 -> NA | U7: ='DATA SHEET'!AA41 -> -0.076299163 | V7: ='DATA SHEET'!AB41 -> 0.60161128 | W7: ='DATA SHEET'!AC41 -> -0.1302887 | X7: ='DATA SHEET'!AD41 -> 0.29524022
A8: J K Lakshmi Cements | B8: ='DATA SHEET'!AF38 -> 0.077766876 | C8: ='DATA SHEET'!AG38 -> 0.0032001202 | D8: ='DATA SHEET'!AH38 -> 0.061702293 | E8: ='DATA SHEET'!AI38 -> 0.03001149 | F8: ='DATA SHEET'!AJ38 -> 0.027502065 | H8: ='DATA SHEET'!AF39 -> 0.046351357 | I8: ='DATA SHEET'!AG39 -> 0.047757942 | J8: ='DATA SHEET'!AH39 -> 0.062358815 | K8: ='DATA SHEET'!AI39 -> 0.014549495 | L8: ='DATA SHEET'!AJ39 -> 0.037182931 | N8: ='DATA SHEET'!AF40 -> 0.048446609 | O8: ='DATA SHEET'!AG40 -> 0.033737204 | P8: ='DATA SHEET'!AH40 -> 0.04355088 | Q8: ='DATA SHEET'!AI40 -> 0.011844274 | R8: ='DATA SHEET'!AJ40 -> 0.032877066 | T8: ='DATA SHEET'!AF41 -> NA | U8: ='DATA SHEET'!AG41 -> -0.15844649 | V8: ='DATA SHEET'!AH41 -> 0.086816809 | W8: ='DATA SHEET'!AI41 -> -0.71653248 | X8: ='DATA SHEET'!AJ41 -> -0.14095781
A9: Prism Johnson Ltd. | B9: ='DATA SHEET'!AL38 -> 0.0041631398 | C9: ='DATA SHEET'!AM38 -> 0.020255641 | D9: ='DATA SHEET'!AN38 -> 0.011270613 | E9: ='DATA SHEET'!AO38 -> 0.041967754 | F9: ='DATA SHEET'!AP38 -> 0.078732804 | H9: ='DATA SHEET'!AL39 -> 0.020510491 | I9: ='DATA SHEET'!AM39 -> 0.00078126815 | J9: ='DATA SHEET'!AN39 -> 0.022619144 | K9: ='DATA SHEET'!AO39 -> 0.061998278 | L9: ='DATA SHEET'!AP39 -> 0.088331181 | N9: ='DATA SHEET'!AL40 -> 0.020488861 | O9: ='DATA SHEET'!AM40 -> 0.00045908699 | P9: ='DATA SHEET'!AN40 -> 0.016840265 | Q9: ='DATA SHEET'!AO40 -> 0.052989676 | R9: ='DATA SHEET'!AP40 -> 0.085089013 | T9: ='DATA SHEET'!AL41 -> NA | U9: ='DATA SHEET'!AM41 -> 1.0352986 | V9: ='DATA SHEET'!AN41 -> -0.31881157 | W9: ='DATA SHEET'!AO41 -> 0.38671419 | X9: ='DATA SHEET'!AP41 -> 1.0449114
A10: Shree Cement Ltd. | B10: ='DATA SHEET'!AR38 -> 0.072714805 | C10: ='DATA SHEET'!AS38 -> 0.16698756 | D10: ='DATA SHEET'!AT38 -> 0.17395168 | E10: ='DATA SHEET'!AU38 -> 0.15558086 | F10: ='DATA SHEET'!AV38 -> 0.10428707 | H10: ='DATA SHEET'!AR39 -> 0.058365747 | I10: ='DATA SHEET'!AS39 -> 0.1452229 | J10: ='DATA SHEET'!AT39 -> 0.14556054 | K10: ='DATA SHEET'!AU39 -> 0.12059433 | L10: ='DATA SHEET'!AV39 -> 0.0897704 | N10: ='DATA SHEET'!AR40 -> 0.074600499 | O10: ='DATA SHEET'!AS40 -> 0.13506019 | P10: ='DATA SHEET'!AT40 -> 0.27309817 | Q10: ='DATA SHEET'!AU40 -> 0.2515927 | R10: ='DATA SHEET'!AV40 -> 0.10993271 | T10: ='DATA SHEET'!AR41 -> NA | U10: ='DATA SHEET'!AS41 -> -3.3037856 | V10: ='DATA SHEET'!AT41 -> -5.2459371 | W10: ='DATA SHEET'!AU41 -> 0.1692184 | X10: ='DATA SHEET'!AV41 -> -0.07225284
A11: UltraTech Cement Ltd. | B11: ='DATA SHEET'!AX38 -> 0.1063117 | C11: ='DATA SHEET'!AY38 -> 0.11290975 | D11: ='DATA SHEET'!AZ38 -> 0.11120213 | E11: ='DATA SHEET'!BA38 -> 0.08426885 | F11: ='DATA SHEET'!BB38 -> 0.08561801 | H11: ='DATA SHEET'!AX39 -> 0.098950291 | I11: ='DATA SHEET'!AY39 -> 0.099760145 | J11: ='DATA SHEET'!AZ39 -> 0.10828987 | K11: ='DATA SHEET'!BA39 -> 0.077406075 | L11: ='DATA SHEET'!BB39 -> 0.078149456 | N11: ='DATA SHEET'!AX40 -> 0.10240522 | O11: ='DATA SHEET'!AY40 -> 0.10330161 | P11: ='DATA SHEET'!AZ40 -> 0.1088217 | Q11: ='DATA SHEET'!BA40 -> 0.072699283 | R11: ='DATA SHEET'!BB40 -> 0.074467162 | T11: ='DATA SHEET'!AX41 -> NA | U11: ='DATA SHEET'!AY41 -> 0.11689316 | V11: ='DATA SHEET'!AZ41 -> 0.82171515 | W11: ='DATA SHEET'!BA41 -> 0.0028920891 | X11: ='DATA SHEET'!BB41 -> 0.085839566
A12: Dalmia Bharat Ltd. | B12: ='DATA SHEET'!BD38 -> 0.00079951348 | C12: ='DATA SHEET'!BE38 -> 0.041403009 | D12: ='DATA SHEET'!BF38 -> 0.0045695295 | E12: ='DATA SHEET'!BG38 -> 0.028156749 | F12: ='DATA SHEET'!BH38 -> 0.032803835 | H12: ='DATA SHEET'!BD39 -> 0.13179658 | I12: ='DATA SHEET'!BE39 -> 0.052777969 | J12: ='DATA SHEET'!BF39 -> 0.017176901 | K12: ='DATA SHEET'!BG39 -> 0.040630725 | L12: ='DATA SHEET'!BH39 -> 0.034176105 | N12: ='DATA SHEET'!BD40 -> 0.11951675 | O12: ='DATA SHEET'!BE40 -> 0.04522539 | P12: ='DATA SHEET'!BF40 -> 0.013387847 | Q12: ='DATA SHEET'!BG40 -> 0.036015136 | R12: ='DATA SHEET'!BH40 -> 0.028346311 | T12: ='DATA SHEET'!BD41 -> NA | U12: ='DATA SHEET'!BE41 -> -0.30450227 | V12: ='DATA SHEET'!BF41 -> -0.12063398 | W12: ='DATA SHEET'!BG41 -> -0.22785232 | X12: ='DATA SHEET'!BH41 -> 0.55029892

Sheet DATA SHEET
B1: ACC Ltd. | H1: Ambuja Cement Ltd. | N1: Birla Corporation Ltd. | T1: India Cements Ltd. | Z1: J K Cements | AF1: J K LAKSHMI CEMENTS | AL1: Prism Johnson Ltd. | AR1: Shree Cement Ltd. | AX1: UltraTech Cement Ltd. | BD1: Dalmia Bharat Ltd.
B2: 2015 | C2: 2016 | D2: 2017 | E2: 2018 | F2: 2019 | H2: 2015 | I2: 2016 | J2: 2017 | K2: 2018 | L2: 2019 | N2: 2015 | O2: 2016 | P2: 2017 | Q2: 2018 | R2: 2019 | T2: 2015 | U2: 2016 | V2: 2017 | W2: 2018 | X2: 2019 | Z2: 2015 | AA2: 2016 | AB2: 2017 | AC2: 2018 | AD2: 2019 | AF2: 2015 | AG2: 2016 | AH2: 2017 | AI2: 2018 | AJ2: 2019 | AL2: 2015 | AM2: 2016 | AN2: 2017 | AO2: 2018 | AP2: 2019 | AR2: 2015 | AS2: 2016 | AT2: 2017 | AU2: 2018 | AV2: 2019 | AX2: 2015 | AY2: 2016 | AZ2: 2017 | BA2: 2018 | BB2: 2019 | BD2: 2015 | BE2: 2016 | BF2: 2017 | BG2: 2018 | BH2: 2019
A3: Revenue | B3: 11797.16 | C3: 12523.39 | D3: 14200.72 | E3: 14801.62 | F3: 15657.55 | H3: 9461.4 | I3: 22932.22 | J3: 25292.55 | K3: 26040.94 | L3: 27103.55 | N3: 3209.89 | O3: 3761.59 | P3: 4981.21 | Q3: 5938.93 | R3: 6548.73 | T3: 5060.4 | U3: 5534.75 | V3: 5860.86 | W3: 5432.26 | X3: 5770.37 | Z3: 3407.22 | AA3: 4368.77 | AB3: 4653.99 | AC3: 5020.47 | AD3: 5258.68 | AF3: 2315.54 | AG3: 2954.88 | AH3: 3288.6 | AI3: 3859.74 | AJ3: 4316.31 | AL3: 5654.43 | AM3: 5758.92 | AN3: 5563.18 | AO3: 5642.19 | AP3: 6194.42 | AR3: 6453.57 | AS3: 6189.96 | AT3: 9661.66 | AU3: 10159.53 | AV3: 12804.41 | AX3: 24339.98 | AY3: 28391.59 | AZ3: 28645.93 | BA3: 31872.45 | BB3: 37379.2 | BD3: 3514.12 | BE3: 7262.15 | BF3: 8340 | BG3: 8827 | BH3: 9484
A4: Other Income | B4: 119.78 | C4: 122.81 | D4: 128.86 | E4: 142.66 | F4: 318.43 | H4: 358.19 | I4: 467.85 | J4: 322.61 | K4: 371.44 | L4: 580.74 | N4: 156.07 | O4: 177.38 | P4: 145.86 | Q4: 74.01 | R4: 78.47 | T4: 22.44 | U4: 24.69 | V4: 19.28 | W4: 24.5 | X4: 39.23 | Z4: 51.45 | AA4: 49.8 | AB4: 98.43 | AC4: 128.13 | AD4: 80.37 | AF4: 27.97 | AG4: 72.33 | AH4: 125.09 | AI4: 69.01 | AJ4: 58.05 | AL4: 35.71 | AM4: 152.31 | AN4: 91.97 | AO4: 65.8 | AP4: 26.64 | AR4: 137.85 | AS4: 672.68 | AT4: 361.77 | AU4: 389.05 | AV4: 249.76 | AX4: 350.08 | AY4: 463.8 | AZ4: 648.1 | BA4: 588.57 | BB4: 438.07 | BD4: 93.34 | BE4: 229.49 | BF4: 296 | BG4: 274 | BH4: 244
A5: Total Revenue | B5: =B3+B4 -> 11916.94 | C5: =C3+C4 -> 12646.2 | D5: =D3+D4 -> 14329.58 | E5: =E3+E4 -> 14944.28 | F5: =F3+F4 -> 15975.98 | H5: =H3+H4 -> 9819.59 | I5: =I3+I4 -> 23400.07 | J5: =J3+J4 -> 25615.16 | K5: =K3+K4 -> 26412.38 | L5: =L3+L4 -> 27684.29 | N5: =N3+N4 -> 3365.96 | O5: =O3+O4 -> 3938.97 | P5: =P3+P4 -> 5127.07 | Q5: =Q3+Q4 -> 6012.94 | R5: =R3+R4 -> 6627.2 | T5: =T3+T4 -> 5082.84 | U5: =U3+U4 -> 5559.44 | V5: =V3+V4 -> 5880.14 | W5: =W3+W4 -> 5456.76 | X5: =X3+X4 -> 5809.6 | Z5: =Z3+Z4 -> 3458.67 | AA5: =AA3+AA4 -> 4418.57 | AB5: =AB3+AB4 -> 4752.42 | AC5: =AC3+AC4 -> 5148.6 | AD5: =AD3+AD4 -> 5339.05 | AF5: =AF3+AF4 -> 2343.51 | AG5: =AG3+AG4 -> 3027.21 | AH5: =AH3+AH4 -> 3413.69 | AI5: =AI3+AI4 -> 3928.75 | AJ5: =AJ3+AJ4 -> 4374.36 | AL5: =AL3+AL4 -> 5690.14 | AM5: =AM3+AM4 -> 5911.23 | AN5: =AN3+AN4 -> 5655.15 | AO5: =AO3+AO4 -> 5707.99 | AP5: =AP3+AP4 -> 6221.06 | AR5: =AR3+AR4 -> 6591.42 | AS5: =AS3+AS4 -> 6862.64 | AT5: =AT3+AT4 -> 10023.43 | AU5: =AU3+AU4 -> 10548.58 | AV5: =AV3+AV4 -> 13054.17 | AX5: =AX3+AX4 -> 24690.06 | AY5: =AY3+AY4 -> 28855.39 | AZ5: =AZ3+AZ4 -> 29294.03 | BA5: =BA3+BA4 -> 32461.02 | BB5: =BB3+BB4 -> 37817.27 | BD5: =BD3+BD4 -> 3607.46 | BE5: =BE3+BE4 -> 7491.64 | BF5: =BF3+BF4 -> 8636 | BG5: =BG3+BG4 -> 9101 | BH5: =BH3+BH4 -> 9728
A7: PBT | B7: 765.53 | C7: 885.31 | D7: 1310.06 | E7: 1510.11 | F7: 2052.52 | H7: 1172.21 | I7: 2007.84 | J7: 2767.73 | K7: 2918.54 | L7: 3875.31 | N7: 212.64 | O7: 200.95 | P7: 230.29 | Q7: 159.84 | R7: 317.44 | T7: 4.34 | U7: 163.72 | V7: 251.54 | W7: 89.74 | X7: 49.75 | Z7: 144.14 | AA7: 93.64 | AB7: 285.61 | AC7: 383.21 | AD7: 412.43 | AF7: 109.47 | AG7: -50.73 | AH7: 79.47 | AI7: 32.49 | AJ7: 48.83 | AL7: -7.2 | AM7: 23.72 | AN7: 41.72 | AO7: 100.66 | AP7: 201.21 | AR7: 400.8 | AS7: 1176.22 | AT7: 1530.78 | AU7: 1827.13 | AV7: 1145.64 | AX7: 2985.63 | AY7: 3421.31 | AZ7: 3872.05 | BA7: 3301.47 | BB7: 3538.37 | BD7: -16.23 | BE7: 510.04 | BF7: 108 | BG7: 389 | BH7: 339
A8: Interest | B8: 64.64 | C8: 78.67 | D8: 98.53 | E8: 87.77 | F8: 86.27 | H8: 91.79 | I8: 152.99 | J8: 205.78 | K8: 170.5 | L8: 169.87 | N8: 78.37 | O8: 82.26 | P8: 276.78 | Q8: 377.64 | R8: 370.52 | T8: 478.05 | U8: 439.58 | V8: 379.96 | W8: 364.75 | X8: 350.41 | Z8: 229.1 | AA8: 304.92 | AB8: 295.13 | AC8: 276.98 | AD8: 254.23 | AF8: 94.48 | AG8: 222.16 | AH8: 244.35 | AI8: 263.7 | AJ8: 255.47 | AL8: 291.94 | AM8: 281.39 | AN8: 216.57 | AO8: 227.03 | AP8: 219.55 | AR8: 120.63 | AS8: 75.77 | AT8: 129.42 | AU8: 135.27 | AV8: 247.86 | AX8: 586.51 | AY8: 566.3 | AZ8: 640.1 | BA8: 1237.6 | BB8: 1548.57 | BD8: 434.38 | BE8: 730.19 | BF8: 856 | BG8: 601 | BH8: 504
A9: EBIT | B9: =B7+B8 -> 830.17 | C9: =C7+C8 -> 963.98 | D9: =D7+D8 -> 1408.59 | E9: =E7+E8 -> 1597.88 | F9: =F7+F8 -> 2138.79 | H9: =H7+H8 -> 1264 | I9: =I7+I8 -> 2160.83 | J9: =J7+J8 -> 2973.51 | K9: =K7+K8 -> 3089.04 | L9: =L7+L8 -> 4045.18 | N9: =N7+N8 -> 291.01 | O9: =O7+O8 -> 283.21 | P9: =P7+P8 -> 507.07 | Q9: =Q7+Q8 -> 537.48 | R9: =R7+R8 -> 687.96 | T9: =T7+T8 -> 482.39 | U9: =U7+U8 -> 603.3 | V9: =V7+V8 -> 631.5 | W9: =W7+W8 -> 454.49 | X9: =X7+X8 -> 400.16 | Z9: =Z7+Z8 -> 373.24 | AA9: =AA7+AA8 -> 398.56 | AB9: =AB7+AB8 -> 580.74 | AC9: =AC7+AC8 -> 660.19 | AD9: =AD7+AD8 -> 666.66 | AF9: =AF7+AF8 -> 203.95 | AG9: =AG7+AG8 -> 171.43 | AH9: =AH7+AH8 -> 323.82 | AI9: =AI7+AI8 -> 296.19 | AJ9: =AJ7+AJ8 -> 304.3 | AL9: =AL7+AL8 -> 284.74 | AM9: =AM7+AM8 -> 305.11 | AN9: =AN7+AN8 -> 258.29 | AO9: =AO7+AO8 -> 327.69 | AP9: =AP7+AP8 -> 420.76 | AR9: =AR7+AR8 -> 521.43 | AS9: =AS7+AS8 -> 1251.99 | AT9: =AT7+AT8 -> 1660.2 | AU9: =AU7+AU8 -> 1962.4 | AV9: =AV7+AV8 -> 1393.5 | AX9: =AX7+AX8 -> 3572.14 | AY9: =AY7+AY8 -> 3987.61 | AZ9: =AZ7+AZ8 -> 4512.15 | BA9: =BA7+BA8 -> 4539.07 | BB9: =BB7+BB8 -> 5086.94 | BD9: =BD7+BD8 -> 418.15 | BE9: =BE7+BE8 -> 1240.23 | BF9: =BF7+BF8 -> 964 | BG9: =BG7+BG8 -> 990 | BH9: =BH7+BH8 -> 843
A11: Taxes | B11: 260.54 | C11: 237.66 | D11: 352.65 | E11: 457.57 | F11: 690.2 | H11: 334 | I11: 663.92 | J11: 766.24 | K11: 936.69 | L11: 1264.7 | N11: 29.35 | O11: 0.61 | P11: 12.93 | Q11: 44.59 | R11: 84.56 | T11: 9.21 | U11: 63.55 | V11: 57.43 | W11: 24.42 | X11: 35.6 | Z11: 33.38 | AA11: 30.6 | AB11: 70.47 | AC11: 94.13 | AD11: 103.74 | AF11: 27.24 | AG11: 0 | AH11: 16.71 | AI11: 26.12 | AJ11: 27.28 | AL11: -5.42 | AM11: 23.51 | AN11: 29.88 | AO11: 37.39 | AP11: 61.75 | AR11: 95.81 | AS11: 122.14 | AT11: 324.13 | AU11: 446.27 | AV11: 220.56 | AX11: 510.78 | AY11: 632.95 | AZ11: 816.95 | BA11: 718.53 | BB11: 754.16 | BD11: 46.29 | BE11: 220.37 | BF11: 74 | BG11: 108 | BH11: 112
A12: Tax Rate | B12: =B11/B7 -> 0.34033937 | C12: =C11/C7 -> 0.26844834 | D12: =D11/D7 -> 0.26918614 | E12: =E11/E7 -> 0.30300442 | F12: =F11/F7 -> 0.33626956 | H12: =H11/H7 -> 0.28493188 | I12: =I11/I7 -> 0.3306638 | J12: =J11/J7 -> 0.27684781 | K12: =K11/K7 -> 0.32094472 | L12: =L11/L7 -> 0.32634809 | N12: =N11/N7 -> 0.13802671 | O12: =O11/O7 -> 0.003035581 | P12: =P11/P7 -> 0.056146598 | Q12: =Q11/Q7 -> 0.27896647 | R12: =R11/R7 -> 0.26638105 | T12: =T11/T7 -> 2.1221198 | U12: =U11/U7 -> 0.38816272 | V12: =V11/V7 -> 0.22831359 | W12: =W11/W7 -> 0.27211946 | X12: =X11/X7 -> 0.71557789 | Z12: =Z11/Z7 -> 0.23158041 | AA12: =AA11/AA7 -> 0.32678343 | AB12: =AB11/AB7 -> 0.24673506 | AC12: =AC11/AC7 -> 0.24563555 | AD12: =AD11/AD7 -> 0.25153359 | AF12: =AF11/AF7 -> 0.2488353 | AG12: =AG11/AG7 -> 0 | AH12: =AH11/AH7 -> 0.21026803 | AI12: =AI11/AI7 -> 0.80393967 | AJ12: =AJ11/AJ7 -> 0.55867295 | AL12: =AL11/AL7 -> 0.75277778 | AM12: =AM11/AM7 -> 0.99114671 | AN12: =AN11/AN7 -> 0.71620326 | AO12: =AO11/AO7 -> 0.37144844 | AP12: =AP11/AP7 -> 0.3068933 | AR12: =AR11/AR7 -> 0.23904691 | AS12: =AS11/AS7 -> 0.10384112 | AT12: =AT11/AT7 -> 0.21174173 | AU12: =AU11/AU7 -> 0.24424644 | AV12: =AV11/AV7 -> 0.19252121 | AX12: =AX11/AX7 -> 0.17107947 | AY12: =AY11/AY7 -> 0.18500224 | AZ12: =AZ11/AZ7 -> 0.21098643 | BA12: =BA11/BA7 -> 0.21763942 | BB12: =BB11/BB7 -> 0.21313769 | BD12: =BD11/BD7 -> -2.8521257 | BE12: =BE11/BE7 -> 0.43206415 | BF12: =BF11/BF7 -> 0.68518519 | BG12: =BG11/BG7 -> 0.27763496 | BH12: =BH11/BH7 -> 0.33038348
A14: PAT | B14: 575.55 | C14: 658.42 | D14: 924.51 | E14: 1520.62 | F14: 1377.54 | H14: 807.56 | I14: 1434.07 | J14: 1944.88 | K14: 2972.69 | L14: 2783.16 | N14: 175.23 | O14: 167.73 | P14: 219.47 | Q14: 153.95 | R14: 255.7 | T14: -1.18 | U14: 116.3 | V14: 157.54 | W14: 70.49 | X14: 25.26 | Z14: 141.91 | AA14: 54.83 | AB14: 171.96 | AC14: 285.58 | AD14: 263.63 | AF14: 105.42 | AG14: 4.26 | AH14: 87.26 | AI14: 43.36 | AJ14: 40.62 | AL14: 4.82 | AM14: 25.26 | AN14: 14.25 | AO14: 55 | AP14: 109.6 | AR14: 426.3 | AS14: 1143.1 | AT14: 1339.08 | AU14: 1384.15 | AV14: 1015.05 | AX14: 2098.34 | AY14: 2479.62 | AZ14: 2713.51 | BA14: 2224.46 | BB14: 2431.59 | BD14: 3.05 | BE14: 190.01 | BF14: 44 | BG14: 291 | BH14: 349
A16: Total Equity | B16: 8423.79 | C16: 8816.21 | D16: 9358.73 | E16: 10534.93 | F16: 11546.93 | H16: 23657.18 | I16: 24191.16 | J16: 25280.16 | K16: 27601.67 | L16: 29814.75 | N16: 2837.03 | O16: 2925.32 | P16: 3286.26 | Q16: 4279.85 | R16: 4495.26 | T16: 4962.02 | U16: 5076.79 | V16: 5210.48 | W16: 5309.05 | X16: 5300.05 | Z16: 1594.71 | AA16: 1596.77 | AB16: 1714.67 | AC16: 1974.86 | AD16: 2694.97 | AF16: 1355.59 | AG16: 1331.2 | AH16: 1414.21 | AI16: 1444.78 | AJ16: 1476.98 | AL16: 1157.78 | AM16: 1247.06 | AN16: 1264.35 | AO16: 1310.53 | AP16: 1392.05 | AR16: 5862.63 | AS16: 6845.42 | AT16: 7698 | AU16: 8896.66 | AV16: 9733.23 | AX16: 19737.62 | AY16: 21961.08 | AZ16: 24401.6 | BA16: 26397.18 | BB16: 28400.45 | BD16: 3814.82 | BE16: 4589.28 | BF16: 9629 | BG16: 10335 | BH16: 10639
A18: Long Term Liability | B18: 0 | C18: 0 | D18: 0 | E18: 0 | F18: 0 | H18: 19.96 | I18: 15.73 | J18: 24.12 | K18: 39.68 | L18: 35.28 | N18: 1093.36 | O18: 789.68 | P18: 4049.07 | Q18: 3829.77 | R18: 3623.21 | T18: 2506.8 | U18: 2126.52 | V18: 2451.48 | W18: 2878.15 | X18: 2691.43 | Z18: 2723.47 | AA18: 2871.06 | AB18: 2870.14 | AC18: 2574.1 | AD18: 2439.78 | AF18: 1487.54 | AG18: 1731.68 | AH18: 2106.25 | AI18: 1847.15 | AJ18: 1666.5 | AL18: 1633.99 | AM18: 1476.93 | AN18: 1190.03 | AO18: 1151.98 | AP18: 1175.15 | AR18: 408.01 | AS18: 530.74 | AT18: 518.74 | AU18: 2208.13 | AV18: 2309.04 | AX18: 5379.83 | AY18: 4896.59 | AZ18: 6370.84 | BA18: 15863.47 | BB18: 19551.16 | BD18: 7158.6 | BE18: 7518.6 | BF18: 6254 | BG18: 5459 | BH18: 4015
A19: Short Term Liability | B19: 0 | C19: 0 | D19: 0 | E19: 0 | F19: 0 | H19: 0 | I19: 0 | J19: 0 | K19: 0 | L19: 0 | N19: 140.82 | O19: 142.75 | P19: 21.38 | Q19: 65.3 | R19: 25.22 | T19: 569.15 | U19: 558.9 | V19: 359.55 | W19: 155.98 | X19: 356.29 | Z19: 299.24 | AA19: 249.35 | AB19: 225.93 | AC19: 156.46 | AD19: 238.15 | AF19: 233.05 | AG19: 297.75 | AH19: 376.25 | AI19: 420.29 | AJ19: 62.36 | AL19: 482.14 | AM19: 506.81 | AN19: 451.67 | AO19: 523.61 | AP19: 302.57 | AR19: 196.3 | AS19: 195.75 | AT19: 773.74 | AU19: 1185.86 | AV19: 472.67 | AX19: 2563.93 | AY19: 2475.79 | AZ19: 1079.18 | BA19: 2763.44 | BB19: 2724.32 | BD19: 680.37 | BE19: 851.19 | BF19: 1233 | BG19: 863 | BH19: 908
A20: Current portion of Long Term Liability | B20: 0 | C20: 0 | D20: 0 | E20: 0 | F20: 0 | H20: 10.06 | I20: 13.23 | J20: 0 | K20: 0 | L20: 5.78 | N20: 59.56 | O20: 348.79 | P20: 184.46 | Q20: 235.39 | R20: 400.73 | T20: 524.28 | U20: 610.54 | V20: 169.7 | W20: 163.23 | X20: 405.18 | Z20: 198.2 | AA20: 202.37 | AB20: 221.03 | AC20: 209.97 | AD20: 295.15 | AF20: 229.01 | AG20: 228.93 | AH20: 204.25 | AI20: 279.06 | AJ20: 405.92 | AL20: 158.19 | AM20: 226.69 | AN20: 334.65 | AO20: 336.07 | AP20: 431.8 | AR20: 331.29 | AS20: 154.02 | AT20: 0.05 | AU20: 7.53 | AV20: 19.5 | AX20: 2242.94 | AY20: 3243.61 | AZ20: 1024.47 | BA20: 853.31 | BB20: 542.87 | BD20: 567.82 | BE20: 386.86 | BF20: 552 | BG20: 944 | BH20: 955
A21: Total Debt | B21: =B18+B19+B20 -> 0 | C21: =C18+C19+C20 -> 0 | D21: =D18+D19+D20 -> 0 | E21: 0 | F21: =F18+F19+F20 -> 0 | H21: =H18+H19+H20 -> 30.02 | I21: =I18+I19+I20 -> 28.96 | J21: =J18+J19+J20 -> 24.12 | K21: =K18+K19+K20 -> 39.68 | L21: =L18+L19+L20 -> 41.06 | N21: =N18+N19+N20 -> 1293.74 | O21: =O18+O19+O20 -> 1281.22 | P21: =P18+P19+P20 -> 4254.91 | Q21: =Q18+Q19+Q20 -> 4130.46 | R21: =R18+R19+R20 -> 4049.16 | T21: =T18+T19+T20 -> 3600.23 | U21: =U18+U19+U20 -> 3295.96 | V21: =V18+V19+V20 -> 2980.73 | W21: =W18+W19+W20 -> 3197.36 | X21: =X18+X19+X20 -> 3452.9 | Z21: =Z18+Z19+Z20 -> 3220.91 | AA21: =AA18+AA19+AA20 -> 3322.78 | AB21: =AB18+AB19+AB20 -> 3317.1 | AC21: =AC18+AC19+AC20 -> 2940.53 | AD21: =AD18+AD19+AD20 -> 2973.08 | AF21: =AF18+AF19+AF20 -> 1949.6 | AG21: =AG18+AG19+AG20 -> 2258.36 | AH21: =AH18+AH19+AH20 -> 2686.75 | AI21: =AI18+AI19+AI20 -> 2546.5 | AJ21: =AJ18+AJ19+AJ20 -> 2134.78 | AL21: =AL18+AL19+AL20 -> 2274.32 | AM21: =AM18+AM19+AM20 -> 2210.43 | AN21: =AN18+AN19+AN20 -> 1976.35 | AO21: =AO18+AO19+AO20 -> 2011.66 | AP21: =AP18+AP19+AP20 -> 1909.52 | AR21: =AR18+AR19+AR20 -> 935.6 | AS21: =AS18+AS19+AS20 -> 880.51 | AT21: =AT18+AT19+AT20 -> 1292.53 | AU21: =AU18+AU19+AU20 -> 3401.52 | AV21: =AV18+AV19+AV20 -> 2801.21 | AX21: =AX18+AX19+AX20 -> 10186.7 | AY21: =AY18+AY19+AY20 -> 10615.99 | AZ21: =AZ18+AZ19+AZ20 -> 8474.49 | BA21: =BA18+BA19+BA20 -> 19480.22 | BB21: =BB18+BB19+BB20 -> 22818.35 | BD21: =BD18+BD19+BD20 -> 8406.79 | BE21: =BE18+BE19+BE20 -> 8756.65 | BF21: =BF18+BF19+BF20 -> 8039 | BG21: =BG18+BG19+BG20 -> 7266 | BH21: =BH18+BH19+BH20 -> 5878
A23: Total Assets | B23: 12799.96 | C23: 13393.94 | D23: 14845.74 | E23: 16055.95 | F23: 17135.98 | H23: 35090.17 | I23: 32823.31 | J23: 35512.92 | K23: 37340.73 | L23: 40182.34 | N23: 5101.69 | O23: 5229.32 | P23: 9697.81 | Q23: 11074.56 | R23: 11331.61 | T23: 10832.82 | U23: 10691.52 | V23: 10949.71 | W23: 10945.76 | X23: 11300.25 | Z23: 5966.58 | AA23: 6184.86 | AB23: 6410.87 | AC23: 6456.01 | AD23: 7417.72 | AF23: 4132.06 | AG23: 4490.85 | AH23: 5131.75 | AI23: 5101.08 | AJ23: 5065.63 | AL23: 4870.07 | AM23: 5013.11 | AN23: 4894.1 | AO23: 5166.84 | AP23: 5475.85 | AR23: 8554.59 | AS23: 9463.19 | AT23: 11165.98 | AU23: 15141.67 | AV23: 15493.05 | AX23: 38367.8 | AY23: 41203.31 | AZ23: 42218.9 | BA23: 57150.52 | BB23: 64535.66 | BD23: 16505.35 | BE23: 17969.58 | BF23: 21262 | BG23: 21334 | BH23: 20538
A25: Core Assets:
A26: PP&E | B26: 5323.73 | C26: 7524.48 | D26: 7224.46 | E26: 7035.18 | F26: 6976.89 | H26: 11391.42 | I26: 13482.66 | J26: 12948.13 | K26: 12616.48 | L26: 12605.99 | N26: 1921.09 | O26: 2030.25 | P26: 5423.65 | Q26: 6372.62 | R26: 6293.1 | T26: 7056.89 | U26: 7435.12 | V26: 7212.91 | W26: 7017.62 | X26: 6885.89 | Z26: 4046.73 | AA26: 4233.31 | AB26: 4518.39 | AC26: 4419.41 | AD26: 4507.36 | AF26: 2630.31 | AG26: 2778.3 | AH26: 3482.68 | AI26: 3554.24 | AJ26: 3372.8 | AL26: 2466.74 | AM26: 2427.8 | AN26: 2372.4 | AO26: 2559.44 | AP26: 2580.83 | AR26: 2921.19 | AS26: 3050.17 | AT26: 2586.34 | AU26: 3577.11 | AV26: 6135.16 | AX26: 22220.88 | AY26: 23881.82 | AZ26: 24431.55 | BA26: 35637.59 | BB26: 38604.14 | BD26: 8027.71 | BE26: 9704.96 | BF26: 9450 | BG26: 9125 | BH26: 9086
A27: Goodwill | B27: 15.57 | C27: 15.57 | D27: 15.57 | E27: 15.57 | F27: 15.57 | H27: 8106.9 | I27: 7881.49 | J27: 7881.49 | K27: 7881.49 | L27: 7881.49 | N27: 0.15 | O27: 0.15 | P27: 0.15 | Q27: 0.15 | R27: 0.03 | T27: 22.89 | U27: 22.89 | V27: 22.89 | W27: 102.2 | X27: 152.67 | Z27: 1.97 | AA27: 1.99 | AB27: 0 | AC27: 0 | AD27: 0 | AF27: 74.83 | AG27: 71.85 | AH27: 70.51 | AI27: 70.51 | AJ27: 72.32 | AL27: 30.63 | AM27: 25.42 | AN27: 25.42 | AO27: 25.45 | AP27: 25.45 | AR27: 0 | AS27: 0 | AT27: 0 | AU27: 0 | AV27: 0 | AX27: 1053.11 | AY27: 1106.24 | AZ27: 1085.11 | BA27: 1036.3 | BB27: 2847.1 | BD27: 1940.84 | BE27: 2694.74 | BF27: 2906 | BG27: 1901 | BH27: 1620
A28: Other Intangible Assets | B28: 25.98 | C28: 27.72 | D28: 40.03 | E28: 37.42 | F28: 34.27 | H28: 45.58 | I28: 46.18 | J28: 68.6 | K28: 137.97 | L28: 213.86 | N28: 0 | O28: 0 | P28: 938.16 | Q28: 994.9 | R28: 970.13 | T28: 37.02 | U28: 29.75 | V28: 24.04 | W28: 26.64 | X28: 33.01 | Z28: =20.65-Z27 -> 18.68 | AA28: =20.21-AA27 -> 18.22 | AB28: 23.32 | AC28: 23.92 | AD28: 29.38 | AF28: 1.74 | AG28: 1.05 | AH28: 1.91 | AI28: 1.84 | AJ28: 5.15 | AL28: 21.68 | AM28: 18.88 | AN28: 17.65 | AO28: 16.62 | AP28: 19.4 | AR28: 0 | AS28: 0 | AT28: 12.78 | AU28: 12.07 | AV28: 46.49 | AX28: 207.53 | AY28: 321.36 | AZ28: 387.09 | BA28: 3041.41 | BB28: 4684.6 | BD28: 18.49 | BE28: 17.19 | BF28: 3160 | BG28: 3011 | BH28: 2867
A29: Inventories | B29: 1189.43 | C29: 1224.63 | D29: 1404.78 | E29: 1679.39 | F29: 1141.93 | H29: 2085.94 | I29: 2163.51 | J29: 2458.27 | K29: 2957.89 | L29: 2096.5 | N29: 552.54 | O29: 567.4 | P29: 630.17 | Q29: 686.96 | R29: 783.02 | T29: 647.65 | U29: 626.4 | V29: 773.62 | W29: 694.65 | X29: 846.75 | Z29: 541.47 | AA29: 493.1 | AB29: 560.89 | AC29: 589.8 | AD29: 636.54 | AF29: 227.68 | AG29: 246.95 | AH29: 321.2 | AI29: 463.07 | AJ29: 366.54 | AL29: 702.77 | AM29: 644.57 | AN29: 562.2 | AO29: 616.82 | AP29: 709.28 | AR29: 918.86 | AS29: 815.19 | AT29: 1314.5 | AU29: 1569.02 | AV29: 1870.31 | AX29: 2828.93 | AY29: 2454.58 | AZ29: 2400.64 | BA29: 3267.59 | BB29: 3585.11 | BD29: 711.46 | BE29: 697.59 | BF29: 652 | BG29: 779 | BH29: 1032
A30: Trade Receivables | B30: 484.43 | C30: 533.18 | D30: 665.97 | E30: 867.37 | F30: 626.65 | H30: 718.63 | I30: 924.07 | J30: 931.53 | K30: 1304.54 | L30: 1068.56 | N30: 86.91 | O30: 94.23 | P30: 132.52 | Q30: 191.45 | R30: 262.2 | T30: 507.24 | U30: 560.46 | V30: 523.01 | W30: 645.34 | X30: 745.54 | Z30: 177.08 | AA30: 211.34 | AB30: 201.93 | AC30: 235.78 | AD30: 260.64 | AF30: 57.1 | AG30: 96.78 | AH30: 90.41 | AI30: 101.51 | AJ30: 109.8 | AL30: 563.21 | AM30: 610.94 | AN30: 626.38 | AO30: 667.88 | AP30: 722.18 | AR30: 476.39 | AS30: 328.62 | AT30: 335.12 | AU30: 459.25 | AV30: 1023.71 | AX30: 1660.76 | AY30: 1928.21 | AZ30: 1757.09 | BA30: 2220.63 | BB30: 2531.43 | BD30: 525.98 | BE30: 510.03 | BF30: 530 | BG30: 564 | BH30: 549
A31: Advance Received from Customers | B31: 137.91 | C31: 201.87 | D31: 188.73 | E31: 226.86 | F31: 156.93 | H31: 189.48 | I31: 284.7 | J31: 288.9 | K31: 313.7 | L31: 235.95 | N31: 61.2 | O31: 64.83 | P31: 120.53 | Q31: 105.98 | R31: 82.59 | T31: 169.61 | U31: 129.92 | V31: 74.45 | W31: 112.21 | X31: 81.66 | Z31: 50.36 | AA31: 61.26 | AB31: 71.78 | AC31: 90.19 | AD31: 69.13 | AF31: 37.48 | AG31: 52.92 | AH31: 85.48 | AI31: 101.83 | AJ31: 76.26 | AL31: 46.18 | AM31: 79.27 | AN31: 85.64 | AO31: 95.49 | AP31: 74.11 | AR31: 93.04 | AS31: 92.85 | AT31: 149.32 | AU31: 164.02 | AV31: 136.47 | AX31: 173.59 | AY31: 165.56 | AZ31: 196.48 | BA31: 304.95 | BB31: 284.23 | BD31: 57.63 | BE31: 75.16 | BF31: 100 | BG31: 91 | BH31: 127
A32: Trade Payables | B32: 876.85 | C32: 1258.49 | D32: 1813.74 | E32: 1926.26 | F32: 1474.98 | H32: 1480.54 | I32: 2068.48 | J32: 2816.01 | K32: 3006.2 | L32: 2332.88 | N32: 160.48 | O32: 162.71 | P32: 367.86 | Q32: 511.21 | R32: 627.31 | T32: 965.85 | U32: 1048.83 | V32: 1317.04 | W32: 1186.48 | X32: 1351.89 | Z32: 307.11 | AA32: 304.69 | AB32: 427.12 | AC32: 665.21 | AD32: 724.43 | AF32: 225.61 | AG32: 204.6 | AH32: 277.55 | AI32: 328.79 | AJ32: 544.8 | AL32: 734.01 | AM32: 701.66 | AN32: 715.54 | AO32: 684.24 | AP32: 772.66 | AR32: 310.74 | AS32: 257.26 | AT32: 351.69 | AU32: 727.28 | AV32: 538.19 | AX32: 1716.61 | AY32: 1725.56 | AZ32: 1848.64 | BA32: 2384.87 | BB32: 2845.55 | BD32: 697.95 | BE32: 856.58 | BF32: 890 | BG32: 928 | BH32: 877
A34: Total Core Assets | B34: =B26+B27+B28+B29+B30-B31-B32 -> 6024.38 | C34: =C26+C27+C28+C29+C30-C31-C32 -> 7865.22 | D34: =D26+D27+D28+D29+D30-D31-D32 -> 7348.34 | E34: =E26+E27+E28+E29+E30-E31-E32 -> 7481.81 | F34: =F26+F27+F28+F29+F30-F31-F32 -> 7163.4 | H34: =H26+H27+H28+H29+H30-H31-H32 -> 20678.45 | I34: =I26+I27+I28+I29+I30-I31-I32 -> 22144.73 | J34: =J26+J27+J28+J29+J30-J31-J32 -> 21183.11 | K34: =K26+K27+K28+K29+K30-K31-K32 -> 21578.47 | L34: =L26+L27+L28+L29+L30-L31-L32 -> 21297.57 | N34: =N26+N27+N28+N29+N30-N31-N32 -> 2339.01 | O34: =O26+O27+O28+O29+O30-O31-O32 -> 2464.49 | P34: =P26+P27+P28+P29+P30-P31-P32 -> 6636.26 | Q34: =Q26+Q27+Q28+Q29+Q30-Q31-Q32 -> 7628.89 | R34: =R26+R27+R28+R29+R30-R31-R32 -> 7598.58 | T34: =T26+T27+T28+T29+T30-T31-T32 -> 7136.23 | U34: =U26+U27+U28+U29+U30-U31-U32 -> 7495.87 | V34: =V26+V27+V28+V29+V30-V31-V32 -> 7164.98 | W34: =W26+W27+W28+W29+W30-W31-W32 -> 7187.76 | X34: =X26+X27+X28+X29+X30-X31-X32 -> 7230.31 | Z34: =Z26+Z27+Z28+Z29+Z30-Z31-Z32 -> 4428.46 | AA34: =AA26+AA27+AA28+AA29+AA30-AA31-AA32 -> 4592.01 | AB34: =AB26+AB27+AB28+AB29+AB30-AB31-AB32 -> 4805.63 | AC34: =AC26+AC27+AC28+AC29+AC30-AC31-AC32 -> 4513.51 | AD34: =AD26+AD27+AD28+AD29+AD30-AD31-AD32 -> 4640.36 | AF34: =AF26+AF27+AF28+AF29+AF30-AF31-AF32 -> 2728.57 | AG34: =AG26+AG27+AG28+AG29+AG30-AG31-AG32 -> 2937.41 | AH34: =AH26+AH27+AH28+AH29+AH30-AH31-AH32 -> 3603.68 | AI34: =AI26+AI27+AI28+AI29+AI30-AI31-AI32 -> 3760.55 | AJ34: =AJ26+AJ27+AJ28+AJ29+AJ30-AJ31-AJ32 -> 3305.55 | AL34: =AL26+AL27+AL28+AL29+AL30-AL31-AL32 -> 3004.84 | AM34: =AM26+AM27+AM28+AM29+AM30-AM31-AM32 -> 2946.68 | AN34: =AN26+AN27+AN28+AN29+AN30-AN31-AN32 -> 2802.87 | AO34: =AO26+AO27+AO28+AO29+AO30-AO31-AO32 -> 3106.48 | AP34: =AP26+AP27+AP28+AP29+AP30-AP31-AP32 -> 3210.37 | AR34: =AR26+AR27+AR28+AR29+AR30-AR31-AR32 -> 3912.66 | AS34: =AS26+AS27+AS28+AS29+AS30-AS31-AS32 -> 3843.87 | AT34: =AT26+AT27+AT28+AT29+AT30-AT31-AT32 -> 3747.73 | AU34: =AU26+AU27+AU28+AU29+AU30-AU31-AU32 -> 4726.15 | AV34: =AV26+AV27+AV28+AV29+AV30-AV31-AV32 -> 8401.01 | AX34: =AX26+AX27+AX28+AX29+AX30-AX31-AX32 -> 26081.01 | AY34: =AY26+AY27+AY28+AY29+AY30-AY31-AY32 -> 27801.09 | AZ34: =AZ26+AZ27+AZ28+AZ29+AZ30-AZ31-AZ32 -> 28016.36 | BA34: =BA26+BA27+BA28+BA29+BA30-BA31-BA32 -> 42513.7 | BB34: =BB26+BB27+BB28+BB29+BB30-BB31-BB32 -> 49122.6 | BD34: =BD26+BD27+BD28+BD29+BD30-BD31-BD32 -> 10468.9 | BE34: =BE26+BE27+BE28+BE29+BE30-BE31-BE32 -> 12692.77 | BF34: =BF26+BF27+BF28+BF29+BF30-BF31-BF32 -> 15708 | BG34: =BG26+BG27+BG28+BG29+BG30-BG31-BG32 -> 14361 | BH34: =BH26+BH27+BH28+BH29+BH30-BH31-BH32 -> 14150
A38: RoE | B38: =(B14/B5)*(B5/B23)*(B23/B16) -> 0.068324353 | C38: =(C14/C5)*(C5/C23)*(C23/C16) -> 0.074682885 | D38: =(D14/D5)*(D5/D23)*(D23/D16) -> 0.09878584 | E38: =(E14/E5)*(E5/E23)*(E23/E16) -> 0.14434078 | F38: =(F14/F5)*(F5/F23)*(F23/F16) -> 0.11929924 | H38: =(H14/H5)*(H5/H23)*(H23/H16) -> 0.034135937 | I38: =(I14/I5)*(I5/I23)*(I23/I16) -> 0.059280746 | J38: =(J14/J5)*(J5/J23)*(J23/J16) -> 0.076933057 | K38: =(K14/K5)*(K5/K23)*(K23/K16) -> 0.10769964 | L38: =(L14/L5)*(L5/L23)*(L23/L16) -> 0.093348427 | N38: =(N14/N5)*(N5/N23)*(N23/N16) -> 0.061765297 | O38: =(O14/O5)*(O5/O23)*(O23/O16) -> 0.057337317 | P38: =(P14/P5)*(P5/P23)*(P23/P16) -> 0.066784125 | Q38: =(Q14/Q5)*(Q5/Q23)*(Q23/Q16) -> 0.035970887 | R38: =(R14/R5)*(R5/R23)*(R23/R16) -> 0.056882138 | T38: =(T14/T5)*(T5/T23)*(T23/T16) -> -0.00023780638 | U38: =(U14/U5)*(U5/U23)*(U23/U16) -> 0.022908176 | V38: =(V14/V5)*(V5/V23)*(V23/V16) -> 0.030235218 | W38: =(W14/W5)*(W5/W23)*(W23/W16) -> 0.013277328 | X38: =(X14/X5)*(X5/X23)*(X23/X16) -> 0.0047659928 | Z38: =(Z14/Z5)*(Z5/Z23)*(Z23/Z16) -> 0.088987966 | AA38: =(AA14/AA5)*(AA5/AA23)*(AA23/AA16) -> 0.03433807 | AB38: =(AB14/AB5)*(AB5/AB23)*(AB23/AB16) -> 0.10028752 | AC38: =(AC14/AC5)*(AC5/AC23)*(AC23/AC16) -> 0.14460772 | AD38: =(AD14/AD5)*(AD5/AD23)*(AD23/AD16) -> 0.097822981 | AF38: =(AF14/AF5)*(AF5/AF23)*(AF23/AF16) -> 0.077766876 | AG38: =(AG14/AG5)*(AG5/AG23)*(AG23/AG16) -> 0.0032001202 | AH38: =(AH14/AH5)*(AH5/AH23)*(AH23/AH16) -> 0.061702293 | AI38: =(AI14/AI5)*(AI5/AI23)*(AI23/AI16) -> 0.03001149 | AJ38: =(AJ14/AJ5)*(AJ5/AJ23)*(AJ23/AJ16) -> 0.027502065 | AL38: =(AL14/AL5)*(AL5/AL23)*(AL23/AL16) -> 0.0041631398 | AM38: =(AM14/AM5)*(AM5/AM23)*(AM23/AM16) -> 0.020255641 | AN38: =(AN14/AN5)*(AN5/AN23)*(AN23/AN16) -> 0.011270613 | AO38: =(AO14/AO5)*(AO5/AO23)*(AO23/AO16) -> 0.041967754 | AP38: =(AP14/AP5)*(AP5/AP23)*(AP23/AP16) -> 0.078732804 | AR38: =(AR14/AR5)*(AR5/AR23)*(AR23/AR16) -> 0.072714805 | AS38: =(AS14/AS5)*(AS5/AS23)*(AS23/AS16) -> 0.16698756 | AT38: =(AT14/AT5)*(AT5/AT23)*(AT23/AT16) -> 0.17395168 | AU38: =(AU14/AU5)*(AU5/AU23)*(AU23/AU16) -> 0.15558086 | AV38: =(AV14/AV5)*(AV5/AV23)*(AV23/AV16) -> 0.10428707 | AX38: =(AX14/AX5)*(AX5/AX23)*(AX23/AX16) -> 0.1063117 | AY38: =(AY14/AY5)*(AY5/AY23)*(AY23/AY16) -> 0.11290975 | AZ38: =(AZ14/AZ5)*(AZ5/AZ23)*(AZ23/AZ16) -> 0.11120213 | BA38: =(BA14/BA5)*(BA5/BA23)*(BA23/BA16) -> 0.08426885 | BB38: =(BB14/BB5)*(BB5/BB23)*(BB23/BB16) -> 0.08561801 | BD38: =(BD14/BD5)*(BD5/BD23)*(BD23/BD16) -> 0.00079951348 | BE38: =(BE14/BE5)*(BE5/BE23)*(BE23/BE16) -> 0.041403009 | BF38: =(BF14/BF5)*(BF5/BF23)*(BF23/BF16) -> 0.0045695295 | BG38: =(BG14/BG5)*(BG5/BG23)*(BG23/BG16) -> 0.028156749 | BH38: =(BH14/BH5)*(BH5/BH23)*(BH23/BH16) -> 0.032803835
A39: RoCE | B39: =(B9*(1-B12))/(B21+B16) -> 0.065009985 | C39: =(C9*(1-C12))/(C21+C16) -> 0.079989153 | D39: =(D9*(1-D12))/(D21+D16) -> 0.10999538 | E39: =(E9*(1-E12))/(E21+E16) -> 0.10571644 | F39: =(F9*(1-F12))/(F21+F16) -> 0.12294004 | H39: =(H9*(1-H12))/(H21+H16) -> 0.038157575 | I39: =(I9*(1-I12))/(I21+I16) -> 0.059715713 | J39: =(J9*(1-J12))/(J21+J16) -> 0.084977729 | K39: =(K9*(1-K12))/(K21+K16) -> 0.075887354 | L39: =(L9*(1-L12))/(L21+L16) -> 0.091273466 | N39: =(N9*(1-N12))/(N21+N16) -> 0.060725445 | O39: =(O9*(1-O12))/(O21+O16) -> 0.067121742 | P39: =(P9*(1-P12))/(P21+P16) -> 0.063464919 | Q39: =(Q9*(1-Q12))/(Q21+Q16) -> 0.046079289 | R39: =(R9*(1-R12))/(R21+R16) -> 0.059067847 | T39: =(T9*(1-T12))/(T21+T16) -> -0.063219291 | U39: =(U9*(1-U12))/(U21+U16) -> 0.044086045 | V39: =(V9*(1-V12))/(V21+V16) -> 0.059493038 | W39: =(W9*(1-W12))/(W21+W16) -> 0.038890017 | X39: =(X9*(1-X12))/(X21+X16) -> 0.013002971 | Z39: =(Z9*(1-Z12))/(Z21+Z16) -> 0.059557218 | AA39: =(AA9*(1-AA12))/(AA21+AA16) -> 0.054541004 | AB39: =(AB9*(1-AB12))/(AB21+AB16) -> 0.086937814 | AC39: =(AC9*(1-AC12))/(AC21+AC16) -> 0.1013193 | AD39: =(AD9*(1-AD12))/(AD21+AD16) -> 0.088032501 | AF39: =(AF9*(1-AF12))/(AF21+AF16) -> 0.046351357 | AG39: =(AG9*(1-AG12))/(AG21+AG16) -> 0.047757942 | AH39: =(AH9*(1-AH12))/(AH21+AH16) -> 0.062358815 | AI39: =(AI9*(1-AI12))/(AI21+AI16) -> 0.014549495 | AJ39: =(AJ9*(1-AJ12))/(AJ21+AJ16) -> 0.037182931 | AL39: =(AL9*(1-AL12))/(AL21+AL16) -> 0.020510491 | AM39: =(AM9*(1-AM12))/(AM21+AM16) -> 0.00078126815 | AN39: =(AN9*(1-AN12))/(AN21+AN16) -> 0.022619144 | AO39: =(AO9*(1-AO12))/(AO21+AO16) -> 0.061998278 | AP39: =(AP9*(1-AP12))/(AP21+AP16) -> 0.088331181 | AR39: =(AR9*(1-AR12))/(AR21+AR16) -> 0.058365747 | AS39: =(AS9*(1-AS12))/(AS21+AS16) -> 0.1452229 | AT39: =(AT9*(1-AT12))/(AT21+AT16) -> 0.14556054 | AU39: =(AU9*(1-AU12))/(AU21+AU16) -> 0.12059433 | AV39: =(AV9*(1-AV12))/(AV21+AV16) -> 0.0897704 | AX39: =(AX9*(1-AX12))/(AX21+AX16) -> 0.098950291 | AY39: =(AY9*(1-AY12))/(AY21+AY16) -> 0.099760145 | AZ39: =(AZ9*(1-AZ12))/(AZ21+AZ16) -> 0.10828987 | BA39: =(BA9*(1-BA12))/(BA21+BA16) -> 0.077406075 | BB39: =(BB9*(1-BB12))/(BB21+BB16) -> 0.078149456 | BD39: =(BD9*(1-BD12))/(BD21+BD16) -> 0.13179658 | BE39: =(BE9*(1-BE12))/(BE21+BE16) -> 0.052777969 | BF39: =(BF9*(1-BF12))/(BF21+BF16) -> 0.017176901 | BG39: =(BG9*(1-BG12))/(BG21+BG16) -> 0.040630725 | BH39: =(BH9*(1-BH12))/(BH21+BH16) -> 0.034176105
A40: RoIC | B40: =(((B9-B4)*(1-B12))/B34) -> 0.077786646 | C40: =(((C9-C4)*(1-C12))/C34) -> 0.078238029 | D40: =(((D9-D4)*(1-D12))/D34) -> 0.12727288 | E40: =(((E9-E4)*(1-E12))/E34) -> 0.13556638 | F40: =(((F9-F4)*(1-F12))/F34) -> 0.16866688 | H40: =(((H9-H4)*(1-H12))/H34) -> 0.03132323 | I40: =(((I9-I4)*(1-I12))/I34) -> 0.051171218 | J40: =(((J9-J4)*(1-J12))/J34) -> 0.090496822 | K40: =(((K9-K4)*(1-K12))/K34) -> 0.085520458 | L40: =(((L9-L4)*(1-L12))/L34) -> 0.10958183 | N40: =(((N9-N4)*(1-N12))/N34) -> 0.049728165 | O40: =(((O9-O4)*(1-O12))/O34) -> 0.042811594 | P40: =(((P9-P4)*(1-P12))/P34) -> 0.051373709 | Q40: =(((Q9-Q4)*(1-Q12))/Q34) -> 0.043804198 | R40: =(((R9-R4)*(1-R12))/R34) -> 0.058844339 | T40: =(((T9-T4)*(1-T12))/T34) -> -0.072323763 | U40: =(((U9-U4)*(1-U12))/U34) -> 0.04722803 | V40: =(((V9-V4)*(1-V12))/V34) -> 0.065937638 | W40: =(((W9-W4)*(1-W12))/W34) -> 0.043543657 | X40: =(((X9-X4)*(1-X12))/X34) -> 0.014198073 | Z40: =(((Z9-Z4)*(1-Z12))/Z34) -> 0.055836508 | AA40: =(((AA9-AA4)*(1-AA12))/AA34) -> 0.051130336 | AB40: =(((AB9-AB4)*(1-AB12))/AB34) -> 0.07560033 | AC40: =(((AC9-AC4)*(1-AC12))/AC34) -> 0.088925725 | AD40: =(((AD9-AD4)*(1-AD12))/AD34) -> 0.094565587 | AF40: =(((AF9-AF4)*(1-AF12))/AF34) -> 0.048446609 | AG40: =(((AG9-AG4)*(1-AG12))/AG34) -> 0.033737204 | AH40: =(((AH9-AH4)*(1-AH12))/AH34) -> 0.04355088 | AI40: =(((AI9-AI4)*(1-AI12))/AI34) -> 0.011844274 | AJ40: =(((AJ9-AJ4)*(1-AJ12))/AJ34) -> 0.032877066 | AL40: =(((AL9-AL4)*(1-AL12))/AL34) -> 0.020488861 | AM40: =(((AM9-AM4)*(1-AM12))/AM34) -> 0.00045908699 | AN40: =(((AN9-AN4)*(1-AN12))/AN34) -> 0.016840265 | AO40: =(((AO9-AO4)*(1-AO12))/AO34) -> 0.052989676 | AP40: =(((AP9-AP4)*(1-AP12))/AP34) -> 0.085089013 | AR40: =(((AR9-AR4)*(1-AR12))/AR34) -> 0.074600499 | AS40: =(((AS9-AS4)*(1-AS12))/AS34) -> 0.13506019 | AT40: =(((AT9-AT4)*(1-AT12))/AT34) -> 0.27309817 | AU40: =(((AU9-AU4)*(1-AU12))/AU34) -> 0.2515927 | AV40: =(((AV9-AV4)*(1-AV12))/AV34) -> 0.10993271 | AX40: =(((AX9-AX4)*(1-AX12))/AX34) -> 0.10240522 | AY40: =(((AY9-AY4)*(1-AY12))/AY34) -> 0.10330161 | AZ40: =(((AZ9-AZ4)*(1-AZ12))/AZ34) -> 0.1088217 | BA40: =(((BA9-BA4)*(1-BA12))/BA34) -> 0.072699283 | BB40: =(((BB9-BB4)*(1-BB12))/BB34) -> 0.074467162 | BD40: =(((BD9-BD4)*(1-BD12))/BD34) -> 0.11951675 | BE40: =(((BE9-BE4)*(1-BE12))/BE34) -> 0.04522539 | BF40: =(((BF9-BF4)*(1-BF12))/BF34) -> 0.013387847 | BG40: =(((BG9-BG4)*(1-BG12))/BG34) -> 0.036015136 | BH40: =(((BH9-BH4)*(1-BH12))/BH34) -> 0.028346311
A41: RoIIC | B41: NA | C41: =(((C9-C4)*(1-C12))-((B9-B4)*(1-B12)))/(C34-B34) -> 0.079715237 | D41: =(((D9-D4)*(1-D12))-((C9-C4)*(1-C12)))/(D34-C34) -> -0.61887693 | E41: =(((E9-E4)*(1-E12))-((D9-D4)*(1-D12)))/(E34-D34) -> 0.59217425 | F41: =(((F9-F4)*(1-F12))-((E9-E4)*(1-E12)))/(F34-E34) -> -0.6091091 | H41: NA | I41: =(((I9-I4)*(1-I12))-((H9-H4)*(1-H12)))/(I34-H34) -> 0.33108066 | J41: =(((J9-J4)*(1-J12))-((I9-I4)*(1-I12)))/(J34-I34) -> -0.81511546 | K41: =(((K9-K4)*(1-K12))-((J9-J4)*(1-J12)))/(K34-J34) -> -0.18110962 | L41: =(((L9-L4)*(1-L12))-((K9-K4)*(1-K12)))/(L34-K34) -> -1.7387896 | N41: NA | O41: =(((O9-O4)*(1-O12))-((N9-N4)*(1-N12)))/(O34-N34) -> -0.08611676 | P41: =(((P9-P4)*(1-P12))-((O9-O4)*(1-O12)))/(P34-O34) -> 0.056431813 | Q41: =(((Q9-Q4)*(1-Q12))-((P9-P4)*(1-P12)))/(Q34-P34) -> -0.0068020064 | R41: =(((R9-R4)*(1-R12))-((Q9-Q4)*(1-Q12)))/(R34-Q34) -> -3.726691 | T41: NA | U41: =(((U9-U4)*(1-U12))-((T9-T4)*(1-T12)))/(U34-T34) -> 2.4194588 | V41: =(((V9-V4)*(1-V12))-((U9-U4)*(1-U12)))/(V34-U34) -> -0.35790349 | W41: =(((W9-W4)*(1-W12))-((V9-V4)*(1-V12)))/(W34-V34) -> -7.0000219 | X41: =(((X9-X4)*(1-X12))-((W9-W4)*(1-W12)))/(X34-W34) -> -4.9430055 | Z41: NA | AA41: =(((AA9-AA4)*(1-AA12))-((Z9-Z4)*(1-Z12)))/(AA34-Z34) -> -0.076299163 | AB41: =(((AB9-AB4)*(1-AB12))-((AA9-AA4)*(1-AA12)))/(AB34-AA34) -> 0.60161128 | AC41: =(((AC9-AC4)*(1-AC12))-((AB9-AB4)*(1-AB12)))/(AC34-AB34) -> -0.1302887 | AD41: =(((AD9-AD4)*(1-AD12))-((AC9-AC4)*(1-AC12)))/(AD34-AC34) -> 0.29524022 | AF41: NA | AG41: =(((AG9-AG4)*(1-AG12))-((AF9-AF4)*(1-AF12)))/(AG34-AF34) -> -0.15844649 | AH41: =(((AH9-AH4)*(1-AH12))-((AG9-AG4)*(1-AG12)))/(AH34-AG34) -> 0.086816809 | AI41: =(((AI9-AI4)*(1-AI12))-((AH9-AH4)*(1-AH12)))/(AI34-AH34) -> -0.71653248 | AJ41: =(((AJ9-AJ4)*(1-AJ12))-((AI9-AI4)*(1-AI12)))/(AJ34-AI34) -> -0.14095781 | AL41: NA | AM41: =(((AM9-AM4)*(1-AM12))-((AL9-AL4)*(1-AL12)))/(AM34-AL34) -> 1.0352986 | AN41: =(((AN9-AN4)*(1-AN12))-((AM9-AM4)*(1-AM12)))/(AN34-AM34) -> -0.31881157 | AO41: =(((AO9-AO4)*(1-AO12))-((AN9-AN4)*(1-AN12)))/(AO34-AN34) -> 0.38671419 | AP41: =(((AP9-AP4)*(1-AP12))-((AO9-AO4)*(1-AO12)))/(AP34-AO34) -> 1.0449114 | AR41: NA | AS41: =(((AS9-AS4)*(1-AS12))-((AR9-AR4)*(1-AR12)))/(AS34-AR34) -> -3.3037856 | AT41: =(((AT9-AT4)*(1-AT12))-((AS9-AS4)*(1-AS12)))/(AT34-AS34) -> -5.2459371 | AU41: =(((AU9-AU4)*(1-AU12))-((AT9-AT4)*(1-AT12)))/(AU34-AT34) -> 0.1692184 | AV41: =(((AV9-AV4)*(1-AV12))-((AU9-AU4)*(1-AU12)))/(AV34-AU34) -> -0.07225284 | AX41: NA | AY41: =(((AY9-AY4)*(1-AY12))-((AX9-AX4)*(1-AX12)))/(AY34-AX34) -> 0.11689316 | AZ41: =(((AZ9-AZ4)*(1-AZ12))-((AY9-AY4)*(1-AY12)))/(AZ34-AY34) -> 0.82171515 | BA41: =(((BA9-BA4)*(1-BA12))-((AZ9-AZ4)*(1-AZ12)))/(BA34-AZ34) -> 0.0028920891 | BB41: =(((BB9-BB4)*(1-BB12))-((BA9-BA4)*(1-BA12)))/(BB34-BA34) -> 0.085839566 | BD41: NA | BE41: =(((BE9-BE4)*(1-BE12))-((BD9-BD4)*(1-BD12)))/(BE34-BD34) -> -0.30450227 | BF41: =(((BF9-BF4)*(1-BF12))-((BE9-BE4)*(1-BE12)))/(BF34-BE34) -> -0.12063398 | BG41: =(((BG9-BG4)*(1-BG12))-((BF9-BF4)*(1-BF12)))/(BG34-BF34) -> -0.22785232 | BH41: =(((BH9-BH4)*(1-BH12))-((BG9-BG4)*(1-BG12)))/(BH34-BG34) -> 0.55029892
